 Dungeon Crawl Stone Soup version 0.25-a0-356-g7c9d860b3b (webtiles) character file.

Game seed: 3011304796407832668, levelgen mode: deterministic

33723 Borgoz the Carver (level 13, 0/85 HPs)
             Began as a Gargoyle Gladiator on Jan 3, 2020.
             Was the Champion of Okawaru.
             Splashed by a brown very ugly thing's acid (6 damage)
             ... on level 3 of the Abyss.
             The game lasted 00:30:14 (15426 turns).

Borgoz the Carver (Gargoyle Gladiator)             Turns: 15426, Time: 00:30:14

Health: 0/85       AC: 25    Str: 20 (22) XL:     13   Next: 72%
Magic:  0/17       EV: 11    Int:  8      God:    Okawaru [******]
Gold:   950        SH: 11    Dex:  7      Spells: 12/12 levels left

rFire    + . .     SeeInvis .   a - +4 demon blade (elec)
rCold    + + .     Gourm    .   G - +2 shield of Resistance {rF+ rC+ MR+}
rNeg     + . .     Faith    .   J - +2 chain mail {rC+}
rPois    ∞         Spirit   +   i - +2 hat
rElec    +         Reflect  .   (no cloak)
rCorr    .         Harm     .   (no gloves)
MR       +....                  x - +2 pair of boots
Stlth    ..........             u - amulet of guardian spirit
HPRegen  0.24/turn              Q - +3 ring of evasion
MPRegen  0.15/turn              N - ring of poison resistance (curse)

@: no status effects
A: [clumsy 2], [deformed body], [deterioration 2], negative energy resistance 1,
electricity resistance, [weak 1], unbreathing, petrification resistance, rot
immunity, AC +9
a: Heroism, Finesse, Renounce Religion


You were on level 3 of the Abyss.
You worshipped Okawaru.
Okawaru was exalted by your worship.
You were not hungry.

You visited 1 branch of the dungeon, and saw 14 of its levels.
You visited the Abyss 1 time.

You collected 1132 gold pieces.
You spent 182 gold pieces at shops.

Inventory:

Hand Weapons
 a - a +4 demon blade of electrocution (weapon)
 b - a +1 scimitar of flaming
 n - a +2 scimitar of flaming
Missiles
 d - 6 throwing nets (quivered)
Armour
 i - a +2 hat (worn)
 x - a +2 pair of boots (worn)
 G - the +2 shield of Resistance (worn) {rF+ rC+ MR+}
   (You found it on level 10 of the Dungeon)

   It protects you from fire.
   It protects you from cold.
   It affects your resistance to hostile enchantments.
 J - a +2 chain mail of cold resistance (worn)
 K - the +3 hat of Pondering {ponderous, MR+ MP+10 Int+5}
   (You took it off Gastronok on level 9 of the Dungeon)

   It affects your intelligence (+5).
   It affects your resistance to hostile enchantments.
   It affects your magic capacity (+10).
Jewellery
 g - an uncursed ring of protection from cold
 l - an uncursed amulet of regeneration
 q - an uncursed ring of positive energy
 u - an amulet of guardian spirit (around neck)
 C - the cursed necklace of Bloodlust {*Rage +Rage MR++ Int-3 Slay+6 *Curse}
   (You found it on level 6 of the Dungeon)

   [amulet of rage]

   It affects your intelligence (-3).
   It affects your accuracy and damage with ranged weapons and melee attacks
   (+6).
   It affects your resistance to hostile enchantments.
   It lets you go berserk.
   It may make you go berserk in combat.
   It curses itself when equipped.
   It has a curse placed upon it.
 F - a +5 amulet of reflection
 N - a cursed ring of poison resistance (right hand)
 Q - a +3 ring of evasion (left hand)
 R - an uncursed ring of ice
Wands
 j - a wand of iceblast (7)
 E - a wand of digging (3)
 H - a wand of paralysis (2)
 P - a wand of disintegration (8)
Scrolls
 c - a scroll of enchant weapon {unknown}
 h - 5 scrolls of remove curse
 k - 3 scrolls of enchant armour
 m - a scroll of noise {unknown}
 s - 8 scrolls of teleportation
 v - a scroll of random uselessness {unknown}
 w - 2 scrolls of magic mapping
 A - a scroll of amnesia {unknown}
 L - 2 scrolls of fog
 M - a scroll of fear
Potions
 e - 3 potions of flight
 p - a potion of might
 r - 2 potions of haste
 t - a potion of mutation
 z - 2 potions of curing
 B - 2 potions of cancellation
 O - 2 potions of resistance
Comestibles
 f - 33 rations


   Skills:
 + Level 11.6 Fighting
 * Level 13.6 Long Blades
 - Level 1.7 Throwing
 + Level 11.4 Armour
 + Level 5.3 Dodging
 + Level 5.8 Shields
 + Level 6.0 Invocations


You had 12 spell levels left.
You didn't know any spells.
Your spell library contained the following spells:

 Spells                   Type           Power        Failure   Level  Hunger
 Animate Skeleton         Necr           N/A          100%        1    ##.....
 Apportation              Tloc           #.....       100%        1    ##.....
 Confusing Touch          Hex            #.....       100%        1    ##.....
 Corona                   Hex            #......      100%        1    ##.....
 Pain                     Necr           #...         100%        1    ##.....
 Sting                    Tmut/Pois      #...         100%        1    ##.....
 Summon Small Mammal      Summ           #...         100%        1    ##.....
 Call Imp                 Summ           #.......     100%        2    ###....
 Ensorcelled Hibernation  Hex/Ice        #.....       100%        2    ###....
 Poisonous Vapours        Pois/Air       #.....       100%        2    ###....
 Slow                     Hex            #.......     100%        2    ###....
 Call Canine Familiar     Summ           #.......     100%        3    ####...
 Confuse                  Hex            #.......     100%        3    ####...
 Dazzling Flash           Conj/Hex       #.....       100%        3    ####...
 Ignite Poison            Fire/Tmut/Pois #.......     100%        3    ####...
 Inner Flame              Hex/Fire       #.......     100%        3    ####...
 Mephitic Cloud           Conj/Pois/Air  #.......     100%        3    ####...
 Portal Projectile        Hex/Tloc       #.....       100%        3    ####...
 Regeneration             Chrm/Necr      #.........   100%        3    ####...
 Summon Guardian Golem    Hex/Summ       #.......     100%        3    ####...
 Tukima's Dance           Hex            #.......     100%        3    ####...
 Vampiric Draining        Necr           #.........   100%        3    ####...
 Animate Dead             Necr           N/A          100%        4    #####..
 Cause Fear               Hex            #.........   100%        4    #####..
 Leda's Liquefaction      Hex/Erth       #.........   100%        4    #####..
 Olgreb's Toxic Radiance  Pois           #.......     100%        4    #####..
 Summon Ice Beast         Ice/Summ       #.......     100%        4    #####..
 Summon Lightning Spire   Summ/Air       #.......     100%        4    #####..


Dungeon Overview and Level Annotations

Branches:
Dungeon (14/15)            Temple (0/1) D:4            Lair (0/6) D:8
    Orc (0/2) D:9
 Vaults: D:13-14

Altars:
Hepliaklqana
Okawaru
Uskayaw
Xom
Yredelemnul
Zin

Shops:
D:5 (   D:6 ?

Annotations:
D:8 3 runed translucent doors, night's ghost, novice GrVM
D:14 Louise


Innate Abilities, Weirdness & Mutations

You are resistant to torment.
Your stone body is resilient. (AC +9)
You are immune to poison.
You resist negative energy. (rN+)
You are resistant to electric shocks. (rElec)
You can survive without breathing.
You are immune to petrification.
You are immune to rotting.
[You are very clumsy. (Dex -4)]
[Armour fits poorly on your strangely shaped body.]
[Your body often deteriorates upon taking damage.]
[You are weak. (Str -2)]


Message History

You block the great orb of eyes's attack.
Something barely misses you. Something bites you but does no damage.
Items here: $ ) [ † a +0 hand axe; a +0 robe; 22 gold pieces; an ugly thing corpse Your chain mail prevents you from hitting the great orb of eyes.
The great orb of eyes gazes at you. You resist with some effort.
Something hits you but does no damage. Something bites you but does no damage.
The brown very ugly thing pecks you but does no damage.
You hit the great orb of eyes but do no damage.
The great orb of eyes gazes at you.
You easily resist.
You slash the great orb of eyes!
The great orb of eyes is lightly wounded.
You feel a little less agile now. Something hits you but does no damage.
Something bites you but does no damage. The brown very ugly thing pecks you.
* * * LOW HITPOINT WARNING * * *
You are splashed with acid!
You die...

## ## ...# .
#.......# ....
#....†).# .....
##.......# .....
##........##....
.
#..............#
##............#
##...∩........#
.......G@..#..#
..###.##u{.....#
. #. +.......#
.. . #.......#
... ........#
.........#
#...#.##.#
..##... .# .#
....


You could see a brown very ugly thing and a great orb of eyes.

Vanquished Creatures
  Gastronok (D:9)
  A centaur warrior (D:13)
  A hydra (D:12)
  Harold (D:10)
  6 death yaks (D:12)
  4 skeletal warriors (D:11)
  A wretched star (Abyss:3)
  3 unseen horrors
  4 ugly things
  2 cyclopes
  A deep elf mage (D:11)
  Maurice (D:9)
  A manticore (D:13)
  Joseph (D:9)
  A kobold demonologist (D:11)
  A komodo dragon (D:12)
  2 efreet
  3 trolls
  A hornet (D:10)
  2 meliai (Abyss:3)
  Grinder (D:4)
  A queen bee (D:8)
  6 slime creatures
  4 hippogriffs
  A shadow (D:11)
  Sigmund (D:2)
  A vampire (D:9)
  A ynoxinul (Abyss:3)
  3 wyverns
  14 yaks (D:12)
  A basilisk (D:8)
  A water elemental (D:12)
  3 wraiths
  2 hungry ghosts
  Grum (D:8)
  A soldier ant (D:11)
  3 water moccasins (D:11)
  A hornet zombie (D:13)
  2 porcupines (D:8)
  An ice beast (D:11)
  7 orc warriors
  2 eyes of draining
  3 sky beasts
  4 black bears (D:8)
  2 necrophages
  5 phantoms
  7 ogres
  3 wolves (D:8)
  4 centaurs
  5 crocodiles
  2 big kobolds (D:7)
  7 bullfrogs
  A gnoll sergeant (D:5)
  A wyvern skeleton (D:9)
  5 scorpions
  26 killer bees
  6 howler monkeys
  7 crimson imps
  A quasit (D:10)
  A bullfrog zombie (D:12)
  A gnoll shaman (D:6)
  2 centaur zombies
  6 hounds
  3 bullfrog skeletons
  4 orc priests
  A jelly (D:11)
  13 orc wizards
  4 centaur skeletons
  5 iguanas
  16 worker ants
  A howler monkey zombie (D:9)
  A worker ant zombie (D:6)
  16 gnolls
  A river rat (D:11)
  12 adders
  2 shadow imps
  A worker ant simulacrum (D:10)
  An ooze (D:7)
  An adder zombie (D:8)
  An adder skeleton (D:9)
  4 worms
  5 dart slugs
  11 leopard geckos
  47 orcs
  8 bats
  5 giant cockroaches
  6 hobgoblins
  13 jackals
  11 kobolds
  5 quokkas
  4 ball pythons
  10 frilled lizards
  A giant cockroach zombie (D:5)
  6 goblins
  A jackal skeleton (D:8)
  A leopard gecko zombie (D:5)
  A quokka skeleton (D:4)
  8 rats
425 creatures vanquished.

Vanquished Creatures (others)
  2 fungi
  6 plants
8 creatures vanquished.

Grand Total: 433 creatures vanquished

Notes
Turn   | Place    | Note
-------+----------+-------------------------------------------
     0 | D:1      | Borgoz the Gargoyle Gladiator began the quest for the Orb.
     0 | D:1      | Reached XP level 1. HP: 12/12 MP: 1/1
   103 | D:1      | Reached skill level 3 in Long Blades
   103 | D:1      | Reached XP level 2. HP: 18/18 MP: 2/2
   344 | D:1      | Reached skill level 1 in Armour
   733 | D:2      | Reached XP level 3. HP: 22/22 MP: 3/3
  1179 | D:2      | Reached XP level 4. HP: 28/28 MP: 4/4
  1373 | D:2      | Found a shimmering altar of Xom.
  1373 | D:2      | Noticed Sigmund
  1387 | D:2      | Killed Sigmund
  1387 | D:2      | Reached skill level 4 in Long Blades
  1387 | D:2      | Reached XP level 5. HP: 25/33 MP: 5/5
  1387 | D:2      | Reached XP level 6. HP: 29/38 MP: 6/6
  1600 | D:3      | Found a shimmering altar of Xom.
  1604 | D:3      | Found a hide-covered altar of Uskayaw.
  1605 | D:3      | Found an iron altar of Okawaru.
  1883 | D:3      | Became a worshipper of Warmaster Okawaru
  2164 | D:3      | Reached skill level 5 in Long Blades
  2385 | D:4      | Found a staircase to the Ecumenical Temple.
  2575 | D:4      | Noticed a phantom
  2602 | D:4      | Killed a phantom
  2602 | D:4      | Reached XP level 7. HP: 44/44 MP: 7/7
  2745 | D:4      | Reached * piety under Okawaru
  2985 | D:5      | Entered Level 5 of the Dungeon
  3074 | D:5      | Noticed Grinder
  3082 | D:5      | Paralysed by Grinder for 6 turns
  3190 | D:5      | Paralysed by Grinder for 7 turns
  3398 | D:4      | Paralysed by Grinder for 6 turns
  3416 | D:4      | Paralysed by Grinder for 7 turns
  3424 | D:4      | Killed Grinder
  3424 | D:4      | Reached skill level 5 in Fighting
  3424 | D:4      | Reached skill level 6 in Long Blades
  3424 | D:4      | Reached XP level 8. HP: 31/49 MP: 5/8
  3852 | D:5      | Reached ** piety under Okawaru
  4024 | D:5      | Reached skill level 5 in Armour
  4133 | D:5      | Reached skill level 7 in Long Blades
  4246 | D:5      | Found a hazy altar of Hepliaklqana.
  4246 | D:5      | Found a basalt altar of Yredelemnul.
  4259 | D:5      | Found Emith's Antique Weapon Emporium.
  4648 | D:5      | Bought a scimitar for 132 gold pieces
  5157 | D:6      | Found Woqoshal's Magic Scroll Boutique.
  5164 | D:6      | Bought a scroll of identify for 20 gold pieces
  5164 | D:6      | Bought a scroll of teleportation for 30 gold pieces
  5263 | D:6      | Reached XP level 9. HP: 52/56 MP: 9/9
  5378 | D:6      | Reached skill level 8 in Long Blades
  5547 | D:6      | Reached *** piety under Okawaru
  5823 | D:6      | Found the cursed necklace of Bloodlust {*Rage +Rage MR++
                  | Int-3 Slay+6 *Curse}
  6325 | D:7      | Received a gift from Okawaru
  6513 | D:8      | Found a runed translucent gate.
  6537 | D:8      | Reached skill level 9 in Long Blades
  6571 | D:8      | Found a runed translucent gate.
  6572 | D:8      | Found a runed translucent gate.
  6574 | D:8      | Noticed night's ghost (novice GrVM)
  7003 | D:8      | Reached XP level 10. HP: 58/64 MP: 10/10
  7006 | D:8      | Reached **** piety under Okawaru
  7174 | D:8      | Noticed Grum
  7203 | D:8      | Killed Grum
  7203 | D:8      | Reached skill level 10 in Long Blades
  7498 | D:8      | Found a staircase to the Lair.
  7503 | D:8      | You fall into a shaft and drop 3 floors!
  7529 | D:11     | Noticed a deep elf mage
  7539 | D:11     | Noticed a soul eater
  7542 | D:11     | Noticed an orange demon
  7577 | D:11     | Reached ***** piety under Okawaru
  7854 | D:11     | Noticed a kobold demonologist
  7874 | D:11     | Killed a kobold demonologist
  7986 | D:10     | Entered Level 10 of the Dungeon
  8034 | D:10     | Killed an unseen horror
  8034 | D:10     | Received a gift from Okawaru
  8133 | D:9      | Noticed Joseph
  8166 | D:9      | Killed Joseph
  8375 | D:8      | Reached XP level 11. HP: 50/71 MP: 8/11
  8392 | D:8      | Reached skill level 11 in Long Blades
  9794 | D:9      | Noticed Gastronok
  9795 | D:9      | Noticed Maurice
  9959 | D:9      | Killed Gastronok
  9985 | D:9      | Killed Maurice
  9985 | D:9      | Reached skill level 10 in Fighting
 10405 | D:9      | Found a staircase to the Orcish Mines.
 10466 | D:9      | Found a glowing silver altar of Zin.
 10965 | D:10     | Found the +2 shield of Resistance {rF+ rC+ MR+}
 10968 | D:10     | Noticed an eight-headed hydra
 11433 | D:10     | Reached skill level 12 in Long Blades
 11604 | D:10     | Reached skill level 1 in Invocations
 11731 | D:10     | Reached skill level 10 in Armour
 11780 | D:10     | Reached skill level 1 in Shields
 11818 | D:10     | Noticed Harold
 11832 | D:10     | Killed Harold
 11832 | D:10     | Received a gift from Okawaru
 12115 | D:11     | Noticed a cyclops
 12155 | D:11     | Killed a cyclops
 12155 | D:11     | Reached XP level 12. HP: 36/78 MP: 6/13
 13578 | D:12     | Received a gift from Okawaru
 13647 | D:12     | Reached skill level 13 in Long Blades
 13867 | D:12     | Reached XP level 13. HP: 84/84 MP: 16/16
 14049 | D:12     | Reached skill level 5 in Invocations
 14062 | D:12     | Reached skill level 5 in Shields
 14076 | D:12     | Reached ****** piety under Okawaru
 14489 | D:13     | Reached skill level 5 in Dodging
 15345 | D:14     | Noticed Louise
 15358 | D:14     | Cast into level 3 of the Abyss (Louise)
 15406 | Abyss:3  | Noticed a brown very ugly thing
 15417 | Abyss:3  | Noticed a great orb of eyes
 15426 | Abyss:3  | Splashed by a brown very ugly thing's acid

Levels and vault maps discovered:
D:1:      scummos_arrival_simple_fountains, layout_basic,
          minmay_misc_feat_four_crosses
D:2:      layout_loops_ring, lemuel_tele_altar, uniq_sigmund
D:3:      layout_basic, grunt_temple_overflow_open, grunt_ministairs_15
D:4:      layout_loops_ring, minmay_temple_entry_wispy, first_ration
D:5:      layout_layer_cave, nicolae_overflow_hidden_temple, serial_shops,
          nicolae_shop_waterfront, uniq_grinder
D:6:      layout_cave_pools, serial_shops, shop, minmay_pentangle
D:7:      layout_rooms, uniq_prince_ribbit1
D:8:      layout_basic, minmay_lair_entry_grove, ebering_ghost_rock_garden,
          david_nohive_1, kennysheep_dice, uniq_grum
D:9:      layout_rooms, lemuel_doored_altar, david_orc_4, minmay_lizard_king,
          uniq_gastronok, uniq_maurice, uniq_joseph
D:10:     layout_loops_cross, serial_glass, glass_columns_a, glass_columns_a,
          due_unseen_surprise, feat_on_display, minmay_strange_pillars,
          feat_on_display, minmay_radiant, uniq_harold
D:11:     layout_rooms, pond
D:12:     argonaut_augean_stables, layout_basic
D:13:     kennysheep_funnel, layout_loops_ring
D:14:     layout_gridville, david_vaults_5, hangedman_decor_points,
          gauntlet_entry_generic, uniq_frances, uniq_louise
Abyss:3:  base: D:9, grunt_abyss_rune_wretched_hive, hangedman_decor_points

Skill      XL: |  1  2  3  4  5  6  7  8  9 10 11 12 13 |
---------------+----------------------------------------+-----
Long Blades    | 3 4 5 6 7 9 10 12 13 | 13.6
Armour         | 1 2 3 4 5 7 8 10 11 | 11.4
Fighting       | 3 4 5 6 7 9 10 11 | 11.6
Invocations    | 2 4 6 |  6.0
Shields        | 2 4 5 |  5.8
Dodging        | 3 4 5 |  5.3
Throwing       | |  1.7

Action                   |  1- 3 |  4- 6 |  7- 9 | 10-12 | 13-15 || total
-------------------------+-------+-------+-------+-------+-------++-------
Melee: Long sword        |   131 |   234 |   603 |   704 |       ||  1672
       Scimitar          |       |       |    28 |   442 |    11 ||   481
       Punch             |       |       |     1 |       |       ||     1
       Demon blade       |       |       |       |    21 |   218 ||   239
Throw: Throwing net      |       |     2 |     1 |     1 |       ||     4
Invok: Heroism           |       |       |     1 |     4 |     3 ||     8
Evoke: Wand              |       |       |       |    36 |       ||    36
  Use: Scroll            |       |       |     8 |     8 |     7 ||    23
       Potion            |       |       |       |     6 |     2 ||     8
 Stab: Held in net/web   |       |     1 |       |       |       ||     1
  Eat: Chunk             |     1 |     5 |    15 |    25 |     5 ||    51
       Ration            |       |       |       |     2 |       ||     2
Armor: Leather armour    |     6 |       |       |       |       ||     6
       Plate armour      |   118 |   203 |   555 |   240 |       ||  1116
       Chain mail        |       |       |       |   629 |    68 ||   697
Dodge: Dodged            |    59 |    87 |   259 |   421 |    62 ||   888
Block: Shield            |       |       |       |   187 |    76 ||   263
       Rpst.: Long sword |    18 |    27 |    67 |    81 |       ||   193
       Scimitar          |       |       |     3 |    29 |     1 ||    33
       Demon blade       |       |       |       |     1 |    16 ||    17

Table legend:
 A = Non-vault XP
 B = Vault XP
 C = Vault XP percentage of total XP
 D = Non-vault monster count
 E = Vault monster count
 F = Vault count percentage of total count
                 A         B        C        D         E       F
            +---------+---------+-------+---------+---------+-------
      Total |   30452 |   17725 |  36.8 |     326 |      99 |  23.3
            +---------+---------+-------+---------+---------+-------
        D:1 |      30 |       0 |   0.0 |      18 |       0 |   0.0
        D:2 |      75 |     223 |  74.8 |      26 |       1 |   3.7
        D:3 |     139 |      10 |   6.7 |      31 |       4 |  11.4
        D:4 |     390 |     281 |  41.9 |      17 |       1 |   5.6
        D:5 |     868 |       0 |   0.0 |      34 |       0 |   0.0
        D:6 |     999 |      74 |   6.9 |      21 |       4 |  16.0
        D:7 |     905 |       0 |   0.0 |      21 |       0 |   0.0
        D:8 |     730 |    3191 |  81.4 |      21 |      34 |  61.8
        D:9 |    1120 |    4170 |  78.8 |      14 |      29 |  67.4
       D:10 |    2442 |    1044 |  29.9 |      13 |       3 |  18.8
       D:11 |    9277 |     547 |   5.6 |      44 |       5 |  10.2
       D:12 |    7604 |    6826 |  47.3 |      33 |      14 |  29.8
       D:13 |    4149 |       0 |   0.0 |      28 |       0 |   0.0
       D:14 |      46 |       0 |   0.0 |       1 |       0 |   0.0
    Abyss:3 |    1678 |    1359 |  44.7 |       4 |       4 |  50.0
            +---------+---------+-------+---------+---------+-------
